 Dungeon Crawl Stone Soup version 0.19.0-2-gae57169 (webtiles) character file.

104212 Grongel the Brawler (level 15, 0/147 HPs)
             Began as a Minotaur Monk on Nov 5, 2016.
             Was the Champion of Okawaru.
             Succumbed to a redback's poison
             ... on level 15 of the Dungeon on Nov 6, 2016.
             The game lasted 02:46:12 (24198 turns).

Grongel the Brawler (Minotaur Monk)                Turns: 24198, Time: 02:46:13

Health: 0/147      AC: 22    Str: 18    XL:     15   Next: 91%
Magic:  9/19       EV: 14    Int:  7    God:    Okawaru [******]
Gold:   2266       SH:  7    Dex: 16    Spells: 1 memorised, 13 levels left

rFire  . . .     SeeInvis +       - Unarmed
rCold  . . .     Gourm    .     Z - +4 chain mail "Kium" {rElec MR+++ Str-4 Dex+3}
rNeg   . . .     Faith    .     K - +0 buckler
rPois  .         Spirit   .     (helmet restricted)
rElec  +         Reflect  .     M - +0 cloak of Spite {+Blink MR+ Slay+5}
rCorr  .         Harm     .     (no gloves)
MR     +++++                    G - +1 pair of boots
Stlth  ..........               u - amulet of regeneration
                                e - ring of see invisible
                                l - +2 ring of protection

@: lethally poisoned (0 -> -38), finesse, very slightly contaminated, slowed,
drained, invisible, very slow
A: retaliatory headbutt, horns 2
a: Heroism, Finesse, Renounce Religion, Evoke Blink


You were on level 15 of the Dungeon.
You worshipped Okawaru.
Okawaru was exalted by your worship.
You were not hungry.

You visited 3 branches of the dungeon, and saw 23 of its levels.

You collected 2461 gold pieces.
You spent 195 gold pieces at shops.

Inventory:

Missiles
 n - 3 javelins of returning (quivered)
 A - 11 poisoned needles
 C - 4 javelins
 N - 9 tomahawks
Armour
 o - the +4 ring mail "Mibadi" {rN+ Slay+2 Stlth+}
   (Okawaru gifted it to you on level 5 of the Lair of Beasts)

   It affects your accuracy and damage with ranged weapons and melee attacks
   (+2).
   It protects you from negative energy.
   It makes you more stealthy.
 x - the +3 scale mail of Ydghut {rPois rN+ Int+3}
   (You found it on level 6 of the Lair of Beasts)

   It affects your intelligence (+3).
   It protects you from poison.
   It protects you from negative energy.
 E - +0 fire dragon scales
 G - a +1 pair of boots (worn)
 K - a +0 buckler (worn)
 M - the +0 cloak of Spite (worn) {+Blink MR+ Slay+5}
   (Okawaru gifted it to you on level 12 of the Dungeon)

   It affects your accuracy and damage with ranged weapons and melee attacks
   (+5).
   It affects your resistance to hostile enchantments.
   It lets you blink.
 Z - the +4 chain mail "Kium" (worn) {rElec MR+++ Str-4 Dex+3}
   (You found it on level 2 of the Lair of Beasts)

   It affects your strength (-4).
   It affects your dexterity (+3).
   It insulates you from electricity.
   It affects your resistance to hostile enchantments.
Jewellery
 a - an uncursed ring of protection from cold
 e - a ring of see invisible (right hand)
 j - an uncursed ring of poison resistance
 l - a +2 ring of protection (left hand)
 u - an amulet of regeneration (around neck)
 z - a cursed ring of positive energy
 B - a +2 ring of evasion
 F - an uncursed ring of flight
 L - a cursed +6 ring of strength
 R - an uncursed ring of positive energy
 U - a +3 ring of dexterity
Wands
 w - a wand of paralysis (14/24)
 I - a wand of teleportation (6/9)
Scrolls
 g - 9 scrolls of magic mapping
 s - 4 scrolls of remove curse
 y - 2 scrolls of enchant armour
 D - a scroll of recharging
 H - a scroll of silence
 P - 3 scrolls of fog
 T - a scroll of enchant weapon
Potions
 f - 3 potions of flight
 k - 3 potions of lignification
 m - 2 potions of agility
 p - 2 potions of berserk rage
 q - a potion of haste
 r - a potion of cancellation
 v - 6 potions of might
 J - 2 potions of resistance
 O - a potion of curing
 Q - 2 potions of ambrosia
Comestibles
 b - 5 bread rations
 d - 20 chunks of flesh
 h - 2 meat rations
 i - 5 fruits
 t - 2 beef jerkies


   Skills:
 - Level 17.1(16.8) Fighting
 - Level 6.0(5.7) Throwing
 - Level 12.0(11.7) Armour
 - Level 11.0(10.8) Dodging
 - Level 1.5(1.3) Stealth
 - Level 9.9(9.7) Shields
 + Level 17.4(17.1) Unarmed Combat
 - Level 7.0(6.8) Invocations
 - Level 1.5(1.3) Evocations


You had 13 spell levels left.
You knew the following spells:

 Your Spells              Type           Power        Failure   Level  Hunger
a - Animate Skeleton      Necr           N/A          100%        1    ##.....


Dungeon Overview and Level Annotations

Branches:
Dungeon (15/15)            Temple (0/1) D:7            Lair (6/6) D:11
  Swamp (0/4) Lair:4        Snake (0/4) Lair:2        Slime (0/5) Lair:5
    Orc (2/2) D:11            Elf (0/3) Orc:2        Vaults (0/5) D:14
 Depths (0/5) D:15

Altars:
Elyvilon
Gozag
Okawaru
Qazlal
Xom
Yredelemnul
Zin
Beogh

Shops:
Orc:2 *?(%

Annotations:
D:15 Nessos
Lair:4 exclusions: downstairs and oklob plant
Lair:5 exclusion: downstairs, Rupert


Innate Abilities, Weirdness & Mutations

You reflexively headbutt those who attack you in melee.
You have a pair of horns on your head.


Message History

Okay, then.
Evoke which item? (* to show all) (? for menu, Esc to quit)
Okay, then.
You fade into invisibility!
* * * LOW HITPOINT WARNING * * *
You feel extremely sick.
The redback disappears in a puff of smoke!
The deep elf mage supplicates, "Please don't kill me!"
The wraith misses you. The wraith hits you but does no damage.
The orange demon completely misses you. The wraith closely misses you.
You furiously retaliate!
You headbutt the wraith. The demonic crawler hits you.
* * * LOW HITPOINT WARNING * * *
You block the demonic crawler's attack.
The demonic crawler hits you but does no damage.
The wraith hits you but does no damage. You block the wraith's attack.
The orange demon stings you but does no damage.
You are very lightly contaminated with residual magic.
Okay, then.
You blink.
You feel slightly more hungry.
You die...

#......#.............#.........
#......#..≈≈.........#.......≈.
#......#.≈≈≈.........#.......≈.
#...(..#..≈....................
#......#.≈≈≈......###..........
#......#..≈........§W....Q.....
#......#.≈≈≈......WWs3..c≈..#..
##......#...........4.$..≈...#..
#...†.###......@........(≈≈.....
#.....# #...............e≈s.....
#...).###.......................
#....)..#..........###..........
#....).)...........#....).#.....
##...)()......######............
#...)........# #............
#..........(.# ...%.....###..
#......(.....# ........... ..


You could see a demonic crawler, an orange demon, a smoke demon and 3 wraiths.

Vanquished Creatures
  Kirke (D:13)
  2 storm dragons (D:12)
  A tengu reaver (D:12)
  The ghost of pichaelthompson the Basher, a journeyman DsGl of Qazlal (D:15)
  Snorg (Orc:1)
  An ettin (D:12)
  Josephine (D:15)
  A fire dragon (D:12)
  Erolcha (Orc:1)
  A yaktaur captain (D:12)
  8 vault guards (D:14)
  10 hydras
  A catoblepas (D:12)
  8 centaur warriors
  A death knight (D:12)
  3 ogre magi
  2 deep elf knights (D:14)
  2 unseen horrors
  2 deep trolls (Orc:2)
  A wizard (D:15)
  A hill giant (shapeshifter) (D:12)
  4 hill giants
  2 orc sorcerers
  6 deep elf magi
  5 manticores
  9 ugly things
  6 cyclopes
  Maurice (D:8)
  3 black mambas
  6 elephants (Lair:4)
  2 gargoyles
  3 kobold demonologists (D:15)
  19 spiny frogs
  2 rime drakes
  A freezing wraith (D:15)
  An efreet (D:13)
  11 komodo dragons
  3 meliai (D:15)
  A polar bear (Lair:5)
  A merfolk (D:11)
  10 trolls
  3 tyrant leeches (Lair:6)
  4 blink frogs (Lair:4)
  6 dream sheep (Lair:6)
  11 two-headed ogres
  4 slime creatures (D:13)
  12 hippogriffs
  A spriggan (D:11)
  A tarantella (shapeshifter) (D:13)
  2 water elementals
  57 yaks
  2 wyverns (D:12)
  2 hogs (D:13)
  A steam dragon (D:8)
  4 basilisks
  4 wraiths
  4 vampire mosquitoes
  3 hungry ghosts
  3 wargs
  A mottled dragon (D:12)
  21 water moccasins
  3 porcupines
  A swamp drake (Lair:4)
  4 black bears
  2 sky beasts
  13 orc warriors
  3 ice beasts
  A necrophage (D:11)
  3 phantoms
  8 boggarts
  32 ogres
  15 wolves
  21 centaurs
  14 crocodiles
  3 big kobolds
  31 bullfrogs
  2 wyvern zombies
  7 earth elementals (D:12)
  4 scorpions
  5 killer bees (D:8)
  2 vampire bats (Lair:3)
  3 wights (D:15)
  5 electric eels (Lair:6)
  3 howler monkeys
  2 centaur zombies
  8 crimson imps
  4 hounds
  6 jellies
  2 bullfrog skeletons
  2 bullfrog zombies
  A centaur skeleton (D:5)
  11 orc priests
  15 orc wizards
  9 iguanas
  16 worker ants
  A hound zombie (D:7)
  A hound skeleton (D:4)
  A worker ant zombie (D:7)
  3 gnolls (D:2)
  17 adders
  A river rat (D:11)
  2 shadow imps
  An adder zombie (D:6)
  An adder skeleton (D:8)
  5 worms
  A dart slug (D:4)
  8 leopard geckos
  68 orcs
  7 giant cockroaches
  12 goblins
  3 hobgoblins
  3 jackals
  6 quokkas
  A ball python (Lair:2)
  A ball python skeleton (D:4)
  31 bats
  8 frilled lizards
  15 kobolds
  A leopard gecko skeleton (D:4)
  A quokka zombie (D:5)
  17 rats
769 creatures vanquished.

Vanquished Creatures (others)
  A human (D:13)
  A scorpion (D:11)
  A jelly (D:13)
  An orc wizard (D:13)
  20 fungi
  50 plants
74 creatures vanquished.

Grand Total: 843 creatures vanquished

Notes
Turn   | Place    | Note
-------+----------+-------------------------------------------
     0 | D:1      | Grongel the Minotaur Monk began the quest for the Orb.
     0 | D:1      | Reached XP level 1. HP: 19/19 MP: 0/0
   285 | D:1      | Reached XP level 2. HP: 24/26 MP: 1/1
   838 | D:2      | Reached XP level 3. HP: 28/31 MP: 2/2
   981 | D:2      | Reached skill level 5 in Unarmed Combat
  1359 | D:2      | Reached XP level 4. HP: 30/39 MP: 3/3
  1890 | D:2      | Found a glowing silver altar of Zin.
  1890 | D:2      | Found a faded altar of an unknown god.
  1895 | D:2      | Found a faded altar of an unknown god.
  1898 | D:2      | Found a faded altar of an unknown god.
  1901 | D:2      | Found a faded altar of an unknown god.
  2240 | D:3      | Reached XP level 5. HP: 16/45 MP: 4/4
  3022 | D:4      | Reached XP level 6. HP: 51/53 MP: 5/5
  3118 | D:4      | Reached skill level 5 in Fighting
  3215 | D:4      | Found an opulent altar of Gozag.
  3398 | D:4      | Found an iron altar of Okawaru.
  3406 | D:4      | Became a worshipper of Warmaster Okawaru
  3406 | D:4      | Reached * piety under Okawaru
  3406 | D:4      | Reached ** piety under Okawaru
  3988 | D:4      | Reached XP level 7. HP: 52/66 MP: 6/6
  4084 | D:5      | Entered Level 5 of the Dungeon
  4588 | D:5      | Reached skill level 5 in Dodging
  4588 | D:5      | Reached XP level 8. HP: 56/73 MP: 7/7
  5234 | D:6      | Reached *** piety under Okawaru
  5289 | D:6      | Found a basalt altar of Yredelemnul.
  5405 | D:6      | Learned a level 1 spell: Animate Skeleton
  5500 | D:7      | Found a staircase to the Ecumenical Temple.
  5939 | D:7      | Reached skill level 10 in Unarmed Combat
  5997 | D:7      | Reached XP level 9. HP: 54/79 MP: 8/8
  6140 | D:7      | Found a shimmering altar of Xom.
  6439 | D:7      | Got a jewelled leather armour
  6590 | D:8      | Identified the +2 leather armour of Xaure {rPois rC- Dex+9} (You found it on level 7 of the Dungeon)
  6629 | D:8      | Reached **** piety under Okawaru
  6666 | D:8      | Noticed Maurice
  6678 | D:8      | Killed Maurice
  6871 | D:8      | Reached skill level 1 in Invocations
  6882 | D:8      | Found a white marble altar of Elyvilon.
  7468 | D:9      | Reached ***** piety under Okawaru
  7468 | D:9      | Received a gift from Okawaru
  7599 | D:9      | Reached XP level 10. HP: 90/90 MP: 11/11
  7757 | D:9      | Noticed a centaur warrior
  7763 | D:9      | Killed a centaur warrior
  7763 | D:9      | Reached skill level 10 in Fighting
  7869 | D:9      | Reached skill level 1 in Evocations
  7987 | D:10     | Entered Level 10 of the Dungeon
  8081 | D:10     | Noticed a hill giant
  8239 | D:10     | Killed a hill giant
  8947 | D:11     | Noticed a hill giant
  8974 | D:11     | Found a stormy altar of Qazlal.
  8985 | D:11     | Noticed a gargoyle
  8993 | D:11     | Killed a gargoyle
  9109 | D:11     | Found a staircase to the Orcish Mines.
  9130 | D:11     | Reached skill level 5 in Invocations
  9283 | D:11     | Found a staircase to the Lair.
  9416 | D:11     | Received a gift from Okawaru
  9521 | D:11     | Reached XP level 11. HP: 76/101 MP: 14/14
  9563 | D:11     | Killed a hill giant
  9681 | D:11     | Reached skill level 1 in Shields
  9900 | Lair:1   | Entered Level 1 of the Lair of Beasts
 10128 | Lair:1   | Reached skill level 5 in Shields
 10204 | Lair:1   | Reached skill level 1 in Armour
 10762 | Lair:1   | Reached skill level 5 in Armour
 10950 | Lair:2   | Identified the Handbook of Enthralling Cold
 11142 | Lair:2   | Found a staircase to the Snake Pit.
 11340 | Lair:2   | Received a gift from Okawaru
 11521 | Lair:2   | Got a faintly glowing chain mail
 12108 | Lair:3   | Noticed a seven-headed hydra
 12398 | Lair:3   | Reached XP level 12. HP: 82/109 MP: 16/16
 12445 | Lair:3   | Reached skill level 1 in Throwing
 12566 | Lair:3   | Reached ****** piety under Okawaru
 12689 | Lair:3   | Received a gift from Okawaru
 13166 | Lair:3   | Killed a seven-headed hydra
 13166 | Lair:3   | Reached skill level 5 in Throwing
 13437 | Lair:4   | Received a gift from Okawaru
 13782 | Lair:4   | Found a staircase to the Swamp.
 14097 | Lair:5   | Noticed Rupert
 14654 | Lair:5   | Noticed a six-headed hydra
 14813 | Lair:4   | Reached skill level 15 in Unarmed Combat
 14875 | Lair:4   | Identified the +4 chain mail "Kium" {rElec MR+++ Str-4 Dex+3} (You found it on level 2 of the Lair of Beasts)
 14966 | Lair:6   | Entered Level 6 of the Lair of Beasts
 15093 | Lair:5   | Killed a six-headed hydra
 15193 | Lair:5   | Received a gift from Okawaru
 15193 | Lair:5   | Reached XP level 13. HP: 106/116 MP: 17/17
 15200 | Lair:5   | Got a dazzling ring mail {god gift}
 15215 | Lair:5   | Identified the +4 ring mail "Mibadi" {rN+ Slay+2 Stlth+} (Okawaru gifted it to you on level 5 of the Lair of Beasts)
 15749 | Lair:5   | Found a staircase to the Slime Pits.
 16470 | Lair:6   | Got a crude scale mail
 16846 | Lair:6   | Received a gift from Okawaru
 17678 | Orc:1    | Entered Level 1 of the Orcish Mines
 17697 | D:11     | Reached skill level 15 in Fighting
 17731 | Orc:1    | Received a gift from Okawaru
 17748 | Orc:1    | Got a heavily runed chain mail {god gift}
 17798 | Orc:1    | Identified the +3 scale mail of Ydghut {rPois rN+ Int+3} (You found it on level 6 of the Lair of Beasts)
 17808 | Orc:1    | Identified the +0 chain mail of Cicar {rCorr SInv} (Okawaru gifted it to you on level 1 of the Orcish Mines)
 17875 | Orc:1    | Found a roughly hewn altar of Beogh.
 17956 | Orc:2    | Entered Level 2 of the Orcish Mines
 18058 | Orc:2    | Reached XP level 14. HP: 77/135 MP: 18/18
 18369 | Orc:2    | Found Ositwini's Magic Scroll Shoppe.
 18370 | Orc:2    | Found Ruycai's Food Emporium.
 18630 | Orc:2    | Found Ubiexyobb's Assorted Antiques.
 18638 | Orc:2    | Found Vujytaar's Antique Weapon Shoppe.
 18647 | Orc:2    | Bought a scroll of blinking for 127 gold pieces
 18647 | Orc:2    | Bought a scroll of identify for 34 gold pieces
 18647 | Orc:2    | Bought a scroll of identify for 34 gold pieces
 18842 | Orc:2    | Found a staircase to the Elven Halls.
 18907 | Orc:1    | Noticed Snorg
 18918 | Orc:1    | Killed Snorg
 18953 | Orc:1    | Noticed Erolcha
 18965 | Orc:1    | Killed Erolcha
 19806 | D:12     | Got an ancient cloak
 19807 | D:12     | Identified the +1 cloak of the Game Afoot {rElec Dex+6} (You found it on level 12 of the Dungeon)
 20133 | D:12     | Received a gift from Okawaru
 20139 | D:12     | Got a pitted cloak {god gift}
 20150 | D:12     | Identified the +0 cloak of Spite {+Blink MR+ Slay+5} (Okawaru gifted it to you on level 12 of the Dungeon)
 20649 | D:12     | Reached skill level 10 in Armour
 21037 | D:12     | Noticed a tengu reaver
 21052 | D:12     | Killed a tengu reaver
 21057 | D:12     | Noticed a storm dragon
 21067 | D:12     | Killed a storm dragon
 21226 | D:12     | Noticed a storm dragon
 21245 | D:12     | Killed a storm dragon
 21245 | D:12     | Received a gift from Okawaru
 21442 | D:13     | Reached XP level 15. HP: 138/147 MP: 19/19
 21688 | D:13     | Reached skill level 10 in Dodging
 21832 | D:13     | Noticed Kirke
 21851 | D:13     | Killed Kirke
 21889 | D:13     | Gained mutation: Armour fits poorly on your strangely shaped body. [potion of mutation]
 21889 | D:13     | Gained mutation: You evolve. [potion of mutation]
 21896 | D:13     | Lost mutation: You evolve. [potion of cure mutation]
 21896 | D:13     | Lost mutation: Armour fits poorly on your strangely shaped body. [potion of cure mutation]
 22443 | D:14     | Found a gate to the Vaults.
 22710 | D:14     | Received a gift from Okawaru
 23335 | D:14     | Received a gift from Okawaru
 23503 | D:15     | Entered Level 15 of the Dungeon
 23551 | D:15     | Received a gift from Okawaru
 23552 | D:15     | Noticed pichaelthompson's ghost (journeyman DsGl)
 23588 | D:15     | Killed pichaelthompson's ghost
 23636 | D:15     | Noticed Nessos
 23820 | D:15     | Found a staircase to the Depths.
 24161 | D:15     | Noticed Josephine
 24171 | D:15     | Killed Josephine
 24197 | D:15     | HP: 6/147 [demonic crawler[a deep elf mage] (4)]
 24198 | D:15     | Succumbed to a redback's poison

Skill      XL: |  1  2  3  4  5  6  7  8  9 10 11 12 13 14 15 |
---------------+----------------------------------------------+-----
Unarmed Combat | 4 5 6 7 8 10 12 13 15 16 17 | 17.4
Fighting       | 4 7 8 11 15 17 | 17.1
Dodging        | 5 7 8 9 11 | 11.0
Invocations    | 3 6 7 |  7.0
Evocations     | 1 |  1.5
Shields        | 5 9 |  9.9
Armour         | 8 12 | 12.0
Throwing       | 6 |  6.0
Stealth        | |  1.5

Action                   |  1- 3 |  4- 6 |  7- 9 | 10-12 | 13-15 || total
-------------------------+-------+-------+-------+-------+-------++-------
Melee: Unarmed           |    80 |   167 |   323 |   682 |  1387 ||  2639
       Headbutt          |     7 |    37 |    72 |   199 |   386 ||   701
       Punch             |       |     2 |    14 |    19 |       ||    35
Throw: Stone             |    17 |       |       |       |       ||    17
       Javelin           |       |       |       |    14 |    16 ||    30
Invok: Heroism           |       |       |     3 |     8 |     8 ||    19
       Finesse           |       |       |       |     3 |     8 ||    11
 Abil: Evoke Blink       |       |       |       |       |     2 ||     2
Evoke: Wand              |       |       |     2 |     6 |     3 ||    11
  Use: Scroll            |       |     8 |     7 |    22 |    22 ||    59
       Potion            |       |     1 |     1 |     2 |     5 ||     9
 Stab: Sleeping          |     4 |     2 |     2 |     4 |       ||    12
       Distracted        |       |     1 |     1 |       |       ||     2
       Paralysed         |       |       |     1 |     4 |     4 ||     9
  Eat: Chunk             |     1 |     9 |    14 |    16 |    24 ||    64
       Bread ration      |       |       |       |     2 |       ||     2
       Meat ration       |       |       |       |       |     1 ||     1
       Pizza             |       |       |       |       |     1 ||     1
       Fruit             |       |       |       |       |     1 ||     1
Armor: Robe              |     7 |    14 |       |       |       ||    21
       Leather armour    |       |    22 |    59 |    71 |       ||   152
       Skin              |       |     2 |       |       |     2 ||     4
       Chain mail        |       |       |       |    41 |   538 ||   579
Dodge: Dodged            |    44 |   110 |   164 |   432 |   636 ||  1386
Block: Buckler           |       |       |       |   110 |   358 ||   468
